 Dungeon Crawl Stone Soup version 0.27-a0-1051-g288ea87c7c (console) character file.

Game seed: 1463245771664197073

1684 jejorda2 the Spear-Bearer (level 9, -7/94 (103) HPs)
             Began as a Merfolk Berserker on Apr 20, 2021.
             Was an Elder of Trog.
             Mangled by an orc warrior
             ... wielding a +0 glaive
              (19 damage)
             ... on level 6 of the Dungeon.
             The game lasted 00:10:19 (6092 turns).

jejorda2 the Spear-Bearer (Merfolk Berserker)       Turns: 6092, Time: 00:10:20

HP:   -7/94 (103)   AC: 10    Str: 20    XL:     9   Next: 2%
MP:   9/9           EV:  8    Int:  6    God:    Trog [****..]
Gold: 310           SH:  0    Dex: 14    Spells: 8/8 levels left

rFire    . . .     SeeInvis .   a - +0 spear (freeze)
rCold    . . .     Faith    +   (no shield)
rNeg     . . .     Spirit   .   v - +0 chain mail
rPois    .         Reflect  .   (no helmet)
rElec    .         Harm     .   d - +0 cloak
rCorr    .         Rampage  .   (no gloves)
Will     ++...                  (no boots)
Stlth    ..........             p - amulet of faith
HPRegen  1.25/turn              (no ring)
MPRegen  0.11/turn              (no ring)

@: berserking, regenerating (expiring), drained, very quick
A: (nimble swimmer 2), mertail
a: Renounce Religion, Berserk, Trog's Hand, Brothers in Arms


You were on level 6 of the Dungeon.
You worshipped Trog.
Trog was greatly pleased with you.
You visited 1 branch of the dungeon, and saw 6 of its levels.

You collected 310 gold pieces.

Inventory:

Hand Weapons
 a - a +0 spear of freezing (weapon)
Missiles
 j - 22 poisoned darts (quivered)
 l - 5 silver javelins
 r - 2 throwing nets
 s - 3 boomerangs
Armour
 d - a +0 cloak (worn)
 v - a +0 chain mail (worn)
Jewellery
 p - an amulet of faith (around neck)
 t - a ring of ice
Scrolls
 b - 3 scrolls of teleportation
 e - a scroll of brand weapon
 g - a scroll of magic mapping
 h - a scroll of fog {unknown}
 k - a scroll of torment {unknown}
Potions
 c - 2 potions of heal wounds
 f - 2 potions of curing
 i - a potion of ambrosia
 m - a potion of magic {unknown}
 n - a potion of invisibility {unknown}
 o - a potion of flight {unknown}
 q - a potion of mutation {unknown}
 u - a potion of attraction {unknown}
 w - a potion of resistance {unknown}


   Skills:
 - Level 6.0 Fighting
 * Level 11.8 Polearms
 + Level 2.6 Throwing
 + Level 4.4 Armour
 - Level 2.6 Dodging


You had 8 spell levels left.
You didn't know any spells.
Your spell library was empty.

Dungeon Overview and Level Annotations

Branches:
Dungeon (6/15)             Temple (0/1) D:5

Altars:
Dithmenos
Fedhas
Ru
Sif Muna
Zin
The Shining One


Innate Abilities, Weirdness & Mutations

((You are quick and stealthy near water. (Stealth+, EV+, Speed+++)))
Your lower body shifts to a powerful aquatic tail in water.


Message History

The wight hits you with a +3 scimitar.
* * * LOW HITPOINT WARNING * * *
You feel drained.
* * * LOW HITPOINT WARNING * * *
An orc wizard comes into view. It is wielding a +0 dagger.
The orc wizard shouts!
You puncture the wight!
You feel the power of Trog in you as your rage grows.
You destroy the wight!
Trog accepts your kill.
You have reached level 9!
Your experience leads to an increase in your attributes!
Increase (S)trength, (I)ntelligence, or (D)exterity?
You feel stronger.
You puncture the centaur zombie!
The centaur zombie is moderately damaged.
You hit the centaur zombie.
The centaur zombie is moderately damaged.
You feel the effects of Trog's Hand fading.
The orc wizard gestures at itself while chanting.
The orc wizard flickers and vanishes!
Deactivating autopickup; reactivate with Ctrl-A.
You puncture the centaur zombie! You freeze the centaur zombie.
The centaur zombie is severely damaged.
The centaur zombie hits you but does no damage.
The centaur zombie kicks you but does no damage.
The orc warrior hits you from afar with a +0 glaive!
* * * LOW HITPOINT WARNING * * *
You puncture the centaur zombie!
The centaur zombie is almost destroyed.
You puncture the centaur zombie!
You destroy the centaur zombie!
Trog accepts your kill.
Reach: a) +0 spear (freeze)
Press: ? - help, Dir - move target, f - orc warrior
Aim: an orc warrior, wielding a +0 glaive and wearing a +0 chain mail (about 34% to evade your +0 spear of freezing)
You reach to attack!
You hit the orc warrior. You freeze the orc warrior.
The orc warrior is lightly wounded.
The orc warrior hits you from afar with a +0 glaive!!
You die...

#.## #.......?.....
... #..# #..........#
##.###..........#
#..##..........####
##.##.#...........#
#.##.#......####.#
#..#.#..{...# #
##'#.#....o.#### #
#....#..[...o)@+ #
#....#......#### #
#....#......####... #
#....##'###........ #
#....##)# #........ #
#.....#.# #........ #
#.....#.# #........ #
#.......###........
######...............


You could see an orc warrior and an orc.

Vanquished Creatures
  A water moccasin (D:6)
  A black bear (D:5)
  An orc warrior (D:6)
  3 ogres
  3 centaurs (D:5)
  A phantom (D:4)
  2 scorpions (D:4)
  A water moccasin skeleton (D:5)
  A vampire bat (D:4)
  2 wights
  A howler monkey (D:6)
  A centaur zombie (D:6)
  A gnoll shaman (D:5)
  2 hounds
  A centaur skeleton (D:4)
  An orc priest (D:6)
  An iguana (D:5)
  An orc wizard (D:6)
  A howler monkey zombie (D:6)
  4 gnolls (D:5)
  A howler monkey skeleton (D:5)
  4 adders
  A white imp (D:6)
  2 worms (D:2)
  4 dart slugs
  3 fire bats (D:4)
  11 orcs
  2 spectral bats (D:4)
  4 ball pythons
  19 bats
  3 bat skeletons (D:4)
  A bat zombie (D:4)
  2 endoplasms
  4 giant cockroaches
  7 goblins
  4 hobgoblins
  4 jackals (D:2)
  8 kobolds
  5 quokkas
  A bat simulacrum (D:4)
  6 rats
126 creatures vanquished.

Notes
Turn   | Place    | Note
-------+----------+-------------------------------------------
     0 | D:1      | jejorda2 the Merfolk Berserker began the quest for the Orb.
     0 | D:1      | Reached XP level 1. HP: 18/18 MP: 1/1
   161 | D:1      | Reached XP level 2. HP: 24/24 MP: 2/2
   201 | D:1      | Reached skill level 5 in Polearms
   693 | D:2      | Reached XP level 3. HP: 13/29 MP: 3/3
   974 | D:2      | Reached ** piety under Trog
  1254 | D:2      | Reached XP level 4. HP: 37/37 MP: 4/4
  1397 | D:2      | Reached skill level 6 in Polearms
  1724 | D:3      | You fall into a shaft and drop 1 floor!
  1731 | D:4      | Noticed a scorpion
  1734 | D:4      | Killed a scorpion
  1735 | D:4      | Reached XP level 5. HP: 42/42 MP: 5/5
  1888 | D:4      | Reached skill level 7 in Polearms
  1931 | D:4      | Reached XP level 6. HP: 47/49 MP: 6/6
  2096 | D:4      | Found a glowing silver altar of Zin.
  2365 | D:4      | Reached *** piety under Trog
  2536 | D:4      | Reached skill level 8 in Polearms
  2872 | D:4      | Reached skill level 5 in Fighting
  2872 | D:4      | Reached XP level 7. HP: 56/56 MP: 7/7
  3335 | D:5      | Entered Level 5 of the Dungeon
  3383 | D:3      | Found a shadowy altar of Dithmenos.
  3736 | D:3      | Found a shimmering blue altar of Sif Muna.
  3788 | D:3      | Found a faded altar of an unknown god.
  4078 | D:5      | Reached skill level 9 in Polearms
  4137 | D:5      | Found a blossoming altar of Fedhas.
  4423 | D:5      | Found a staircase to the Ecumenical Temple.
  4432 | D:5      | Reached XP level 8. HP: 40/64 MP: 8/8
  4443 | D:5      | Reached skill level 10 in Polearms
  4910 | D:5      | Found a glowing golden altar of the Shining One.
  4947 | D:5      | Reached **** piety under Trog
  5086 | D:5      | Found a sacrificial altar of Ru.
  5462 | D:6      | Reached skill level 1 in Throwing
  5670 | D:6      | Reached skill level 11 in Polearms
  6087 | D:6      | Reached XP level 9. HP: 19/61 MP: 9/9
  6092 | D:6      | Mangled by an orc warrior

Illustrated notes

Levels and vault maps discovered:
D:1:      matt_arrival_los_fun, layout_basic
D:2:      kennysheep_six_static_rooms, layout_rooms
D:3:      layout_basic, grunt_dithmenos_smoke, lemuel_crystal_altar,
          hellmonk_ecumenical_altar_zigzags
D:4:      layout_loops_corners, kennysheep_little_box,
          minmay_misc_feat_secret_circle, goddamned_bats
D:5:      layout_basic, lemuel_tele_altar, lemuel_round_altar,
          kennysheep_mini_moat, minmay_temple_entry_large_hall
D:6:      layout_basic, uniq_blork_the_orc

Skill      XL: |  1  2  3  4  5  6  7  8 |
---------------+-------------------------+-----
Polearms       | 5 6 7 8 9 11 | 11.8
Armour         | 2 3 4 |  4.4
Fighting       | 4 5 6 |  6.0
Throwing       | 2 |  2.6
Dodging        | |  2.6

Action                   |  1- 3 |  4- 6 |  7- 9 || total
-------------------------+-------+-------+-------++-------
Melee: Spear             |   132 |   205 |   336 ||   673
Throw: Dart              |       |     3 |    12 ||    15
Invok: Berserk           |     1 |     4 |     4 ||     9
       Trog's Hand       |       |       |     1 ||     1
  Use: Scroll            |       |       |    11 ||    11
 Stab: Sleeping          |     1 |       |       ||     1
Armor: Animal skin       |     3 |       |       ||     3
       Ring mail         |    22 |    41 |       ||    63
       Scale mail        |       |    37 |    61 ||    98
       Chain mail        |       |       |    67 ||    67
Dodge: Dodged            |    60 |    76 |   134 ||   270

Table legend: (Time is in decaauts)
 A = Elapsed time spent in this place.
 B = Non-inter-level travel time spent in this place.
 C = Inter-level travel time spent in this place.
 D = Time resting spent in this place.
 E = Time spent auto-exploring this place.
 F = Levels seen in this place.
 G = Mean time per level.
                   A        B        C        D        E       F      G
               +--------+--------+--------+--------+--------+-----+--------+
         Total |   5946 |   5662 |    284 |    485 |   4260 |   6 |  991.0 |
       Dungeon |   5946 |   5662 |    284 |    485 |   4260 |   6 |  991.0 |
               +--------+--------+--------+--------+--------+-----+--------+

Top non-repeatable levels by time:
     D:4: 1611 daAuts
     D:5: 1567 daAuts
     D:3: 856 daAuts
     D:2: 805 daAuts
     D:1: 671 daAuts
     D:6: 434 daAuts
